[Event "*** Titled Tuesday Blitz"]
[Site "Chess.com"]
[Date "2020.04.14"]
[Round "5"]
[White "IMRosen"]
[Black "1lec"]
[Result "1-0"]
[WhiteElo "2500"]
[BlackElo "2151"]
[TimeControl "180+1"]
[EndTime "10:49:25 PDT"]
[Termination "IMRosen won by resignation"]

1. d4 Nf6 2. Bf4 g6 3. Nc3 d5 4.
e3 Bg7 5. h4 h6 6. Nf3 O-O 7.
Ne5 Nbd7 8. Qf3 c6 9. Bd3 h5 10. Qg3 Nxe5 11. dxe5 Ng4 12. f3 Nh6 13. O-O-O Nf5 14.
Qh2 b5 15. g4 hxg4 16. fxg4 Nh6 17. Bxh6 Bxh6 18. g5 Bg7 19. h5 Bf5 20. hxg6 fxg6 21.
e6 1-0

[Event "*** Titled Tuesday Blitz"]
[Site "Chess.com"]
[Date "2020.04.14"]
[Round "5"]
[White "swisspower96"]
[Black "Riptide27"]
[Result "1-0"]
[WhiteElo "2660"]
[BlackElo "2481"]
[TimeControl "180+1"]
[EndTime "10:49:27 PDT"]
[Termination "swisspower96 won by resignation"]

1. d4 d5 2. c4 e6 3. Nf3 Nf6 4.
g3 dxc4 5. Bg2 Bd7 6. Ne5 Bc6 7. Nxc6 Nxc6 8. O-O Qd7 9. e3 Rd8 10. Qc2 b5 11. b3 Nb4 12. Qe2 Nd3 13. a4 a6 14.
Nd2 c5 15. bxc4 Nxc1 16. Rfxc1 b4 17. Nb3 Qc7 18. Qf3 Rc8 19. Qb7 Be7 20. Qxa6 O-O 21.
a5 Rfd8 22. Qb7 cxd4 23. exd4 Nd7 24. c5 Bf6 25. a6 Qxb7 26. Bxb7 Rc7 27. a7 1-0

[Event "*** Titled Tuesday Blitz"]
[Site "Chess.com"]
[Date "2020.04.14"]
[Round "5"]
[White "Quiet_Desperation"]
[Black "eljanov"]
[Result "0-1"]
[WhiteElo "1931"]
[BlackElo "2800"]
[TimeControl "180+1"]
[EndTime "10:49:28 PDT"]
[Termination "eljanov won by resignation"]

1. e4 e5 2. Nf3 Nc6 3. Bb5 g6 4. d4 exd4 5. c3 a6 6. Bc4 Bg7 7. O-O d6 8. cxd4 Bg4 9. h3 Bxf3 10. Qxf3 Qe7 11. e5 dxe5 12. Nc3 O-O-O 13. Bxa6 e4 14.
Bxb7+ Kxb7 15. Nxe4 Bxd4 16. Bg5 f6 17. Rac1 fxg5 18. Rxc6 Kxc6 19. Rc1+ Kd7 20. Qg4+ Ke8 21. Nxg5 Nf6 22. Qf3 h6 23. Qc6+ Kf8 24. Ne6+ Kf7 25. Re1 Rd6 26. Ng5+ hxg5 27. Rxe7+ Kxe7 28. Qxc7+ Nd7 29. Qc4 Rf8 30. Qe2+ Re6 31. Qc4 Bxf2+ 0-1

[Event "*** Titled Tuesday Blitz"]
[Site "Chess.com"]
[Date "2020.04.14"]
[Round "5"]
[White "kekic76"]
[Black "Renegade_Hitman"]
[Result "1-0"]
[WhiteElo "2285"]
[BlackElo "1924"]
[TimeControl "180+1"]
[EndTime "10:49:28 PDT"]
[Termination "kekic76 won by resignation"]

1. e4 Nc6 2. Nf3 e5 3. Bb5 a6 4. Ba4 Nf6 5. O-O b5 6. Bb3 Be7 7. Re1 d6 8. c3 Na5 9. Bc2 c5 10. h3 Nc6 11. d4 Qc7 12. Nbd2 O-O 13. Nf1 Re8 14. Ne3 cxd4 15. cxd4 Nb4 16. Bb1 Bb7 17. a3 Nc6 18. d5 Na5 19. Nf5 Bf8 20. Bg5 Nd7 21. Nh2 f6 22. Be3 Nc4 23. b3 Nxe3 24.
Rxe3 g6 25. Rg3 Nc5 26. Ng4 Qd8 27. b4 Na4 28. Bc2 Nb2 29. Qf3 Bg7 30. Nfh6+ Bxh6 31.
Nxh6+ Kf8 32. Ng4 Kg7 33. h4 h5 34. Ne3 Nc4 35. Qxh5 g5 36. Nf5+ 1-0

[Event "*** Titled Tuesday Blitz"]
[Site "Chess.com"]
[Date "2020.04.14"]
[Round "5"]
[White "Vice64"]
[Black "TheoSlade"]
[Result "1-0"]
[WhiteElo "2472"]
[BlackElo "2269"]
[TimeControl "180+1"]
[EndTime "10:49:29 PDT"]
[Termination "Vice64 won by resignation"]

1. e4 e5 2. Nf3 Nc6 3. Bb5 Nf6 4. O-O Nxe4 5. d4 Nd6 6. dxe5 Nxb5 7. a4 Nbd4 8. Nxd4 Nxd4 9. Qxd4 d5 10. c4 Be6 11.
c5 Be7 12. b4 O-O 13. Nc3 b6 14. a5 bxc5 15. bxc5 Qd7 16. Be3 c6 17. Rab1 Rab8 18.
Rb4 Bf5 19. h3 Qc7 20. g4 Rxb4 21. Qxb4 Bg6 22. Bd4 Rb8 23. Qa4 Qb7 24. Rd1 Qb4 25.
Qxc6 Bc2 26. Nxd5 Bg5 27. Nxb4 Bxd1 28. Be3 Bxe3 29. fxe3 1-0

[Event "*** Titled Tuesday Blitz"]
[Site "Chess.com"]
[Date "2020.04.14"]
[Round "5"]
[White "katchesskat"]
[Black "MattyDPerrine"]
[Result "1-0"]
[WhiteElo "2178"]
[BlackElo "2324"]
[TimeControl "180+1"]
[EndTime "10:49:32 PDT"]
[Termination "katchesskat won by resignation"]

1. c4 c5 2. e3 Nf6 3. a3 Nc6 4. Qc2 e5 5. d3 d5 6. cxd5 Nxd5 7. Nd2 Be6 8. b3 Rc8 9. Bb2 b5 10. Rc1 f6 11. Be2 a5 12. Ngf3 Nb6 13. O-O Be7 14.
Rfe1 O-O 15. Ne4 Na7 16. Ned2 Qd7 17. h3 Rfd8 18. Qb1 a4 19. bxa4 Nxa4 20. Ba1 Rb8 21.
Red1 b4 22. axb4 Rxb4 23. Qc2 Nb5 24. Nc4 Rc8 25. Nfd2 Qe8 26. Bg4 Bxg4 27. hxg4 Qg6 28. Qa2 Kh8 29. d4 exd4 30. exd4 cxd4 31. Ne5 Qe8 32.
Nf7+ Kg8 33. Rxc8 Qxc8 34. Nh6+ Kh8 35. Nf7+ Kg8 36. Nd6+ Qc4 37. N2xc4 Nbc3 38. Bxc3 Nxc3 39. Qa8+ Bf8 40. Qe8 1-0

[Event "*** Titled Tuesday Blitz"]
[Site "Chess.com"]
[Date "2020.04.14"]
[Round "5"]
[White "exoticprincess"]
[Black "chessdjw"]
[Result "1-0"]
[WhiteElo "2820"]
[BlackElo "2614"]
[TimeControl "180+1"]
[EndTime "10:49:33 PDT"]
[Termination "exoticprincess won on time"]

1. d4 Nf6 2. c4 g6 3. Nc3 d5 4.
Bg5 Bg7 5. e3 Ne4 6. h4 c5 7.
cxd5 Nxc3 8. bxc3 Qxd5 9. Qf3 Qxf3 10. Nxf3 Nc6 11. Rb1 h6 12. Bf4 O-O 13. Bd3 Rd8 14. Ke2 b6 15. Be4 Ba6+ 16. Ke1 Rac8 17. Bg3 cxd4 18. cxd4 Nb4 19. Rxb4 Rc1+ 20. Kd2 Rxh1 21.
Ra4 Bf1 22. Nh2 e5 23. Nxf1 Rxf1 24. Ke2 Rc1 25. dxe5 a5 26. e6 fxe6 27. Bxg6 Rdc8 28. Re4 R8c6 29. Rg4 R1c4 30. Be4 R6c5 31. h5 Kf7 32.
Kf3 1-0

[Event "*** Titled Tuesday Blitz"]
[Site "Chess.com"]
[Date "2020.04.14"]
[Round "5"]
[White "Haridaskesavan"]
[Black "Zajdanek"]
[Result "1-0"]
[WhiteElo "2222"]
[BlackElo "2356"]
[TimeControl "180+1"]
[EndTime "10:49:33 PDT"]
[Termination "Haridaskesavan won by resignation"]

1. e4 c5 2. c3 d5 3. exd5 Qxd5 4.
d4 Nc6 5. Nf3 Bg4 6. Be2 e6 7.
O-O cxd4 8. cxd4 Nf6 9. h3 Bh5 10. Nc3 Qd6 11. Be3 Be7 12. Qb3 Qb4 13. Rfd1 O-O 14.
d5 exd5 15. Nxd5 Nxd5 16. Rxd5 Bg6 17. Qxb4 Bxb4 18. Rd7 b6 19. a3 Bc5 20. Bxc5 bxc5 21. Rc1 Rfe8 22. Bb5 Ne5 23. Nxe5 Rxe5 24. Rc7 a6 25. Bf1 h6 26. R7xc5 Rxc5 27. Rxc5 Rd8 28. Bxa6 Rd1+ 29. Kh2 Rd2 30. b4 Rxf2 31. Bb7 Ra2 32. Ra5 Bd3 33. Kg3 Kf8 34. Bf3 Ke7 35. Ra7+ Kf6 36.
Rxf7+ Kxf7 37. Bd5+ Ke7 38. Bxa2 Bc2 39. Kf4 Ba4 40.
Bc4 Bc6 41. g4 Ba4 42. h4 Kf6 43. g5+ hxg5+ 44. hxg5+ Ke7 45. Ke5 1-0

[Event "*** Titled Tuesday Blitz"]
[Site "Chess.com"]
[Date "2020.04.14"]
[Round "5"]
[White "BojanR1"]
[Black "AttilaTurzo"]
[Result "0-1"]
[WhiteElo "2332"]
[BlackElo "2496"]
[TimeControl "180+1"]
[EndTime "10:49:35 PDT"]
[Termination "AttilaTurzo won by resignation"]

1. d4 Nf6 2. Nf3 e6 3. c4 Bb4+ 4. Bd2 Qe7 5. a3 Bxd2+ 6. Nbxd2 d6 7. e4 e5 8. d5 a5 9. b4 Na6 10. Qb1 O-O 11. Bd3 Bg4 12. h3 Bxf3 13. Nxf3 axb4 14.
axb4 Nxb4 15. Rxa8 Nxd3+ 16. Qxd3 Rxa8 17. O-O Nd7 18. Rb1 Nc5 19. Qc2 Qd7 20. Nd2 Qa4 21. Qxa4 Rxa4 22.
Rb2 Ra1+ 23. Kh2 g6 24. f3 f5 25. Kg3 f4+ 26. Kh2 Kf7 27. Nb3 Nxb3 28. Rxb3 b6 29. Rc3 g5 30. Rc2 h5 31. Rc3 h4 32. Rc2 Ke7 33.
Rb2 Kd7 34. Rc2 Kc8 35. Rb2 Kb7 36. Rb3 Ka6 37. Rb2 Ra4 38. Rc2 Ka5 39. Kg1 Kb4 40.
Kf2 Kb3 41. Rc1 Kb2 42. Rd1 Rxc4 43. Ke2 Rc2+ 44. Kd3 Rxg2 45. Kc4 Rc2+ 46. Kb5 Rc5+ 47. Ka6 b5 48. Rg1 b4 49. Rxg5 b3 50. Rg4 Ka2 51.
Rxh4 b2 52. Rh8 b1=Q 53. Rb8 0-1

[Event "*** Titled Tuesday Blitz"]
[Site "Chess.com"]
[Date "2020.04.14"]
[Round "5"]
[White "JoakimVonAnd"]
[Black "Hippotaner"]
[Result "0-1"]
[WhiteElo "2471"]
[BlackElo "2268"]
[TimeControl "180+1"]
[EndTime "10:49:35 PDT"]
[Termination "Hippotaner won by resignation"]

1. d4 Nf6 2. c4 e6 3. Nc3 Bb4 4. e3 b6 5. Ne2 Ne4 6. a3 Bxc3+ 7. Nxc3 Nxc3 8. bxc3 Bb7 9. Bd3 O-O 10. e4 d6 11. O-O e5 12. f4 exd4 13. cxd4 c5 14. d5 Nd7 15. Bb2 Rc8 16. e5 b5 17. cxb5 c4 18. Bf5 Qb6+ 19. Bd4 Qxb5 20. Rb1 Qxd5 21. Rxb7 Qxb7 22. exd6 g6 23. Rf3 Rfe8 24. Bc3 Qb6+ 25.
Kh1 Rcd8 26. h4 Nf8 27. d7 Re7 28. Bh3 Nxd7 29. f5 Ne5 30. Qf1 Nxf3 31. Qxf3 Rd3 32. Qa8+ Qd8 33. Qxd8+ Rxd8 34. Bf6 Rd1+ 35. Kh2 Re3 36.
fxg6 hxg6 37. h5 c3 38. hxg6 c2 39. gxf7+ Kxf7 40. Bb2 c1=Q 41. Bxc1 Rxc1 0-1

[Event "*** Titled Tuesday Blitz"]
[Site "Chess.com"]
[Date "2020.04.14"]
[Round "5"]
[White "benko_008"]
[Black "Gaguna"]
[Result "0-1"]
[WhiteElo "2445"]
[BlackElo "2690"]
[TimeControl "180+1"]
[EndTime "10:49:36 PDT"]
[Termination "Gaguna won by resignation"]

1. Nf3 d6 2. d4 g6 3. e4 Bg7 4. Nc3 Nf6 5. h3 O-O 6. Be3 c6 7. a4 Nbd7 8. g3 e5 9. Bg2 d5 10. dxe5 Nxe4 11. Nxe4 dxe4 12. Ng5 Nxe5 13. Qxd8 Rxd8 14. Nxe4 Nc4 15. Bg5 Re8 16. O-O Bxb2 17. Nf6+ Bxf6 18. Bxf6 Bf5 19. Rab1 Nd2 20. Rxb7 Nxf1 21.
Bxf1 Bxc2 22. Bc4 Re1+ 23. Kh2 Be4 24. Bxf7+ Kf8 25. g4 Bd5 26. Bxd5 cxd5 27. Rxh7 Rae8 28.
Bd4 R8e4 29. Bxa7 Rxa4 30. Rd7 Rd1 31. Kg3 d4 32. h4 d3 33. f3 Rxa7 34. Rxa7 d2 35.
Kf4 Re1 0-1

[Event "*** Titled Tuesday Blitz"]
[Site "Chess.com"]
[Date "2020.04.14"]
[Round "5"]
[White "M1711"]
[Black "josmito10"]
[Result "0-1"]
[WhiteElo "2544"]
[BlackElo "2747"]
[TimeControl "180+1"]
[EndTime "10:49:38 PDT"]
[Termination "josmito10 won on time"]

1. e4 c5 2. Nf3 Nc6 3. d4 cxd4 4. Nxd4 Qc7 5. c4 Qe5 6. Be3 Qxe4 7. Nc3 Qe5 8. Be2 a6 9. O-O Nf6 10. Bf3 e6 11. Re1 Be7 12. Nb3 O-O 13. g3 Qc7 14.
Rc1 Ne5 15. Be2 Nxc4 16. Bf4 d6 17. Bxc4 Qxc4 18. Ne4 Qa4 19. Nxf6+ Bxf6 20. Qxd6 Qxa2 21. Nc5 Qd5 22. Qc7 e5 23. Bxe5 Bh3 0-1

[Event "*** Titled Tuesday Blitz"]
[Site "Chess.com"]
[Date "2020.04.14"]
[Round "5"]
[White "binbin239"]
[Black "KobyKalavannan"]
[Result "1-0"]
[WhiteElo "2463"]
[BlackElo "2660"]
[TimeControl "180+1"]
[EndTime "10:49:41 PDT"]
[Termination "binbin239 won by checkmate"]

1. d4 Nf6 2. c4 g6 3. Nf3 Bg7 4. g3 O-O 5. Bg2 d6 6. O-O Nc6 7. d5 Na5 8. Nfd2 c6 9. Nc3 cxd5 10. cxd5 Bf5 11. b4 Rc8 12. Bb2 Nc4 13. Nxc4 Rxc4 14.
Qb3 Qc8 15. Rac1 Nd7 16. Nb5 Bc2 17. Qa3 a6 18. Bxg7 Kxg7 19. Qb2+ Nf6 20. Nd4 Bf5 21.
Rxc4 Qxc4 22. Rc1 Rc8 23. Rxc4 Rxc4 24. Nxf5+ gxf5 25. Bf3 Kg6 26. Kg2 Nd7 27. Qb3 Ne5 28. h4 b5 29. a4 f4 30. g4 Kg7 31. axb5 axb5 32. Qa3 Rd4 33. Qa5 Nxf3 34. exf3 Rxd5 35. Qc7 Kf6 36. g5+ Ke6 37. Qc8+ Ke5 38. Qg8 Rd4 39. Qxf7 Rxb4 40. Qxe7+ Kd5 41. Qxh7 Rd4 42. Qf5+ Kc4 43.
g6 Rd5 44. Qxf4+ Rd4 45. Qf7+ d5 46. g7 b4 47. g8=Q b3 48. Qc8+ Kd3 49. Qff5+ Kd2 50. Qg5+ Kd3 51. Qcf5+ Kc3 52. Qe3+ Kc4 53. Qc8+ Kb5 54.
Qxd4 b2 55. Qxb2+ Ka5 56. Qa8# 1-0

[Event "*** Titled Tuesday Blitz"]
[Site "Chess.com"]
[Date "2020.04.14"]
[Round "5"]
[White "pooh2012"]
[Black "jwillz14"]
[Result "0-1"]
[WhiteElo "2557"]
[BlackElo "2397"]
[TimeControl "180+1"]
[EndTime "10:49:41 PDT"]
[Termination "jwillz14 won by resignation"]

1. Nf3 c6 2. g3 d5 3. Bg2 Bg4 4. O-O Nd7 5. d3 e6 6. Qe1 Bd6 7. e4 Ne7 8. Nbd2 O-O 9. h3 Bh5 10. Nh4 Kh8 11. f4 f6 12. a4 Qc7 13. Nb3 g5 14. e5 fxe5 15. fxg5 e4 16. Bf4 Bxf4 17. gxf4 Rxf4 18. Qc3+ Kg8 19. Rxf4 Qxf4 20. Qb4 Re8 21. Qxb7 Nf8 22. Qxa7 Qxh4 23. Rf1 Qxg5 24. dxe4 dxe4 25. Kh1 Nf5 26. Kh2 Bf3 27. Bxf3 Qg3+ 28.
Kh1 Qxh3+ 29. Kg1 exf3 30. Qf2 Nh4 31. Qh2 Qg4+ 32. Kh1 Qg2+ 0-1

[Event "*** Titled Tuesday Blitz"]
[Site "Chess.com"]
[Date "2020.04.14"]
[Round "5"]
[White "flavicol64"]
[Black "Taran2004"]
[Result "1/2-1/2"]
[WhiteElo "2283"]
[BlackElo "2006"]
[TimeControl "180+1"]
[EndTime "10:49:41 PDT"]
[Termination "Game drawn by repetition"]

1. d4 Nf6 2. Nf3 g6 3. Bf4 d5 4. e3 Bg7 5. c4 c6 6. Nc3 O-O 7. h3 Nbd7 8. Qc2 dxc4 9. Bxc4 Nb6 10. Be2 Bf5 11. e4 Be6 12. O-O Bc4 13. Rfd1 Bxe2 14.
Qxe2 Nfd7 15. Rac1 Qe8 16. e5 Rc8 17. Ne4 Nd5 18.
Bg3 Bh6 19. Rc2 N7b6 20. Nc5 Rc7 21. e6 Bf4 22. Bxf4 Nxf4 23. Qe5 Nfd5 24. exf7+ Qxf7 25.
Ne6 Rcc8 26. Nfg5 Qf5 27. Nxf8 Qxc2 28. Qe6+ Kh8 29. Qf7 Qxd1+ 30. Kh2 Qh5 31. Nfe6 Qh6 32. Qxe7 Nxe7 33. Nf7+ Kg8 34. Nxh6+ Kh8 35. Nf7+ Kg8 36. Nh6+ Kh8 37. Nf7+ Kg8 38. Nh6+ 1/2-1/2

[Event "*** Titled Tuesday Blitz"]
[Site "Chess.com"]
[Date "2020.04.14"]
[Round "5"]
[White "RD4ever"]
[Black "Zurability"]
[Result "0-1"]
[WhiteElo "2856"]
[BlackElo "2721"]
[TimeControl "180+1"]
[EndTime "10:49:42 PDT"]
[Termination "Zurability won by resignation"]

1. e4 c5 2. Nf3 d6 3. d4 cxd4 4. Nxd4 Nf6 5. Nc3 a6 6. Bd3 g6 7.
Be3 Bg7 8. f3 Nbd7 9. Qd2 b5 10.
a4 b4 11. Na2 a5 12. c3 bxc3 13. Nxc3 Bb7 14. O-O O-O 15. Kh1 Nc5 16. Bc2 Nfd7 17. Ndb5 Rc8 18. Bh6 Bxh6 19. Qxh6 Ne5 20. Rad1 Qb6 21.
Qh4 Rfe8 22. Qf2 Nc4 23. Qd4 Nd7 24. Qxb6 Ndxb6 25. Rb1 Nd2 26. Rfd1 Nxb1 27. Bxb1 Red8 28. Kg1 d5 29. e5 Nc4 30. Ba2 Nxb2 31. Rd2 Nc4 32.
Bxc4 dxc4 33. Rb2 Rd3 34. Kf2 Bc6 35. Na7 Rc7 36. Rb8+ Kg7 37. Ncb5 Bxb5 38. Nxb5 Rc5 39. Ke2 0-1

[Event "*** Titled Tuesday Blitz"]
[Site "Chess.com"]
[Date "2020.04.14"]
[Round "5"]
[White "MrTattaglia"]
[Black "TomsKantans"]
[Result "1-0"]
[WhiteElo "2866"]
[BlackElo "2671"]
[TimeControl "180+1"]
[EndTime "10:49:43 PDT"]
[Termination "MrTattaglia won by resignation"]

1. Nf3 c5 2. g3 Nc6 3. c4 g6 4. Bg2 Bg7 5. Nc3 Nf6 6. O-O O-O 7. d4 d5 8. dxc5 dxc4 9. Qa4 Qa5 10. Qxc4 Be6 11. Qh4 Qxc5 12. Bg5 Rfd8 13. Rac1 Qa5 14. a3 Rac8 15. Rfd1 Qb6 16. Rxd8+ Rxd8 17. b4 Ng4 18. Ne4 f6 19. Nc5 Bc8 20. Bd2 Nd4 21. Nxd4 Rxd4 22. Bc3 Rd8 23. h3 Ne5 24. Bxe5 fxe5 25.
Qxe7 Bf6 26. Bd5+ Rxd5 27. Qe8+ Kg7 28. Qxc8 a5 29. Ne6+ Kf7 30. Rc7+ Be7 31. Qf8+ Kxe6 32. Rxe7+ 1-0

[Event "*** Titled Tuesday Blitz"]
[Site "Chess.com"]
[Date "2020.04.14"]
[Round "5"]
[White "Alexander_Moskalenko"]
[Black "MisaPap"]
[Result "0-1"]
[WhiteElo "2940"]
[BlackElo "2671"]
[TimeControl "180+1"]
[EndTime "10:49:43 PDT"]
[Termination "MisaPap won on time"]

1. d4 Nf6 2. Bg5 d5 3. e3 e6 4. Nd2 c5 5. c3 Nc6 6. Ngf3 Bd6 7.
Bd3 h6 8. Bh4 O-O 9. O-O e5 10.
dxe5 Nxe5 11. Nxe5 Bxe5 12. e4 dxe4 13. Nxe4 Qb6 14.
Nxf6+ Bxf6 15. Bxf6 Qxf6 16. Qb3 b6 17. Be4 Rb8 18. Rad1 Be6 19. Bd5 Rfd8 20. Bxe6 Qxe6 21. Qxe6 fxe6 22. f4 Kf7 23. Kf2 Kf6 24. Ke3 Rd5 25. c4 Rdd8 26. Ke4 a6 27. a4 Rbc8 28. b3 Rb8 29. g4 Rbc8 0-1

[Event "*** Titled Tuesday Blitz"]
[Site "Chess.com"]
[Date "2020.04.14"]
[Round "5"]
[White "zmeeed67"]
[Black "Spalir"]
[Result "0-1"]
[WhiteElo "2369"]
[BlackElo "2605"]
[TimeControl "180+1"]
[EndTime "10:49:43 PDT"]
[Termination "Spalir won on time"]

1. d4 d5 2. c4 c6 3. Nc3 Nf6 4. e3 e6 5. Nf3 Nbd7 6. Bd3 Bd6 7. e4 dxe4 8. Nxe4 Nxe4 9. Bxe4 Nf6 10. Bc2 h6 11. O-O c5 12. dxc5 Bxc5 13. Qxd8+ Kxd8 14. Bf4 Ke7 15. Be5 Bd7 16. Bd4 Rac8 17. Bxc5+ Rxc5 18. Bd3 Rd8 19. b4 Rc7 20. Ne5 Ba4 21. Rfc1 Nd7 22. Nxd7 Rdxd7 23. Bf1 Rd2 24. a3 Rcd7 25. c5 Rb2 26.
Rab1 Ra2 27. Ra1 Rdd2 28. f3 e5 29. Rxa2 Rxa2 30. Rc3 f5 31. Bc4 Rb2 32. Bd5 Bc6 33.
Bxc6 bxc6 34. Rd3 Ra2 35. Rd6 Rxa3 36. Rxc6 a5 37. b5 Rb3 38. Rb6 a4 39. c6 Kd6 0-1

[Event "*** Titled Tuesday Blitz"]
[Site "Chess.com"]
[Date "2020.04.14"]
[Round "5"]
[White "monikarozman"]
[Black "Biranidun"]
[Result "0-1"]
[WhiteElo "2144"]
[BlackElo "2645"]
[TimeControl "180+1"]
[EndTime "10:49:47 PDT"]
[Termination "Biranidun won by resignation"]

1. e4 c5 2. Nf3 d6 3. d4 cxd4 4. Nxd4 Nf6 5. Nc3 a6 6. Be3 e5 7.
Nf3 Be7 8. Bc4 O-O 9. O-O Be6 10. Bb3 Nc6 11. Bg5 Nd7 12. Bxe7 Qxe7 13. Qe2 Nf6 14.
Rfd1 Bg4 15. h3 Nd4 16. Qd3 Bxf3 17. gxf3 Nh5 18. Nd5 Qg5+ 19. Kh2 Nf4 20. Nxf4 Qxf4+ 21. Kg2 Qg5+ 22. Kh2 Qh4 23. c3 Qxf2+ 24. Kh1 Nxf3 25. Rd2 Nxd2 26. Rg1 Nf3 27. Rg2 Qe1+ 0-1

[Event "*** Titled Tuesday Blitz"]
[Site "Chess.com"]
[Date "2020.04.14"]
[Round "5"]
[White "Sam_ChessMood"]
[Black "CHESSMASTER759"]
[Result "0-1"]
[WhiteElo "2901"]
[BlackElo "2755"]
[TimeControl "180+1"]
[EndTime "10:49:48 PDT"]
[Termination "CHESSMASTER759 won by resignation"]

1. e4 d6 2. d4 Nf6 3. Nc3 e5 4. dxe5 dxe5 5. Qxd8+ Kxd8 6. Nf3 Bd6 7. Nd2 Nc6 8. Nc4 Bb4 9. f3 Be6 10. Bd2 Kc8 11. O-O-O Rd8 12. a3 Bf8 13. Be1 Rxd1+ 14. Nxd1 b6 15. Nf2 Kb7 16. Bc3 Nd7 17. Nd2 Bc5 18.
Nd1 Nd4 19. Bd3 a5 20. Re1 f6 21. Bc4 Bxc4 22. Nxc4 a4 23. Nce3 b5 24. Nf2 Ne6 25.
Nd3 Bxe3+ 26. Rxe3 c5 27. Re1 Kc6 28. Bd2 g6 29. Be3 Nb6 30. Bf2 Nc4 31. Rd1 Rb8 32. c3 Rd8 33. Kc2 h5 34. h4 f5 35. exf5 gxf5 36. Re1 Kd6 37. Rd1 Ke7 38. Bxc5+ Nxc5 39. Nxc5 Ne3+ 0-1

[Event "*** Titled Tuesday Blitz"]
[Site "Chess.com"]
[Date "2020.04.14"]
[Round "5"]
[White "GMJustin"]
[Black "Ginger_GM"]
[Result "0-1"]
[WhiteElo "2366"]
[BlackElo "2600"]
[TimeControl "180+1"]
[EndTime "10:49:48 PDT"]
[Termination "Ginger_GM won on time"]

1. d4 e6 2. c4 b6 3. e4 Bb7 4. Bd3 f5 5. exf5 Bb4+ 6. Kf1 Qh4 7. Nf3 Qh5 8. fxe6 Nf6 9. exd7+ Nbxd7 10. Qe2+ Kf8 11. Ne5 Qh4 12. Nxd7+ Nxd7 13. Be3 Re8 14.
Nd2 Bxd2 15. Qxd2 Qg4 16. Rg1 Nf6 17. h3 Qh4 18. Bf4 Kf7 19. d5 Rhf8 20. Bg5 Qh5 21. Bxf6 gxf6 22. Re1 Rxe1+ 23. Kxe1 Re8+ 24. Kf1 b5 25. b3 c6 0-1

[Event "*** Titled Tuesday Blitz"]
[Site "Chess.com"]
[Date "2020.04.14"]
[Round "5"]
[White "AustrianFalcon"]
[Black "ApacheSVD"]
[Result "1-0"]
[WhiteElo "2552"]
[BlackElo "2371"]
[TimeControl "180+1"]
[EndTime "10:49:48 PDT"]
[Termination "AustrianFalcon won by resignation"]

1. e4 c5 2. Nf3 d6 3. d4 cxd4 4. Nxd4 Nf6 5. Nc3 g6 6. f3 Bg7 7. Be3 O-O 8. Qd2 Nc6 9. O-O-O d5 10. exd5 Nxd5 11. Nxc6 bxc6 12. Bd4 Bxd4 13. Qxd4 Qb6 14. Na4 Qa5 15. b3 Be6 16. Qe5 Qb4 17. Kb2 Rab8 18. Rd4 Qd6 19. Qxd6 exd6 20. Bc4 Rfd8 21. Bxd5 Bxd5 22.
Rhd1 Kf8 23. Nc3 Ke7 24. Nxd5+ cxd5 25. Rxd5 Rb6 26. c4 Rc8 27. Kc3 Ra6 28. a4 Rb8 29.
Rb5 Rc8 30. Rb7+ Kf8 31. Re1 d5 32. Ree7 dxc4 33. Rxf7+ Ke8 34. Rxh7 cxb3+ 35. Kxb3 Rb6+ 36. Rxb6 axb6 37. Rh8+ Kd7 38. Rxc8 Kxc8 39. Kc4 1-0

[Event "*** Titled Tuesday Blitz"]
[Site "Chess.com"]
[Date "2020.04.14"]
[Round "5"]
[White "Pittiplatsh"]
[Black "DACF2905"]
[Result "1-0"]
[WhiteElo "2349"]
[BlackElo "2163"]
[TimeControl "180+1"]
[EndTime "10:49:48 PDT"]
[Termination "Pittiplatsh won by checkmate"]

1. e4 c5 2. Nf3 e6 3. d4 cxd4 4.
Nxd4 Nc6 5. Nc3 a6 6. Be3 Qc7 7. Qf3 Nf6 8. O-O-O Bb4 9. Nxc6 bxc6 10. Bg5 Be7 11.
Bd3 d5 12. Rhe1 d4 13. e5 dxc3 14. exf6 cxb2+ 15. Kb1 gxf6 16. Bxf6 Rf8 17. Bxh7 Bd7 18. Be4 Bb4 19. c3 Be7 20. h4 Bxf6 21. Qxf6 Rb8 22.
h5 c5 23. h6 Ba4 24. Rd2 Qh2 25. Bc6+ Bxc6 26. Rxe6+ fxe6 27. Qxe6# 1-0

[Event "*** Titled Tuesday Blitz"]
[Site "Chess.com"]
[Date "2020.04.14"]
[Round "5"]
[White "Boudicca64"]
[Black "freshfoodcompany"]
[Result "0-1"]
[WhiteElo "2013"]
[BlackElo "2210"]
[TimeControl "180+1"]
[EndTime "10:49:48 PDT"]
[Termination "freshfoodcompany won by resignation"]

1. e4 c5 2. g3 Nc6 3. Bg2 e6 4. c3 d5 5. exd5 exd5 6. h3 Be6 7. Ne2 Bd6 8. d4 cxd4 9. cxd4 Nge7 10. O-O O-O 11.
Nbc3 a6 12. Nf4 Bxf4 13. Bxf4 Qb6 14. Bd6 Rfd8 15. Na4 Qa5 16. b4 Qb5 17. Bc7 Rdc8 18. Nb6 Rxc7 19. Nxa8 Rc8 20. a4 Qxb4 21. Rb1 Qxd4 22. Qxd4 Nxd4 23. Rxb7 Rxa8 24. Rxe7 Rd8 25. Rd1 Ne2+ 26. Kf1 Nc3 27. Rd3 d4 28. Rxd4 Rb8 29. Rd6 Rb1+ 0-1

[Event "*** Titled Tuesday Blitz"]
[Site "Chess.com"]
[Date "2020.04.14"]
[Round "5"]
[White "Revnov"]
[Black "ValeriyGrinev"]
[Result "1-0"]
[WhiteElo "2776"]
[BlackElo "2599"]
[TimeControl "180+1"]
[EndTime "10:49:49 PDT"]
[Termination "Revnov won by resignation"]

1. e4 c5 2. Nf3 e6 3. d4 cxd4 4. Nxd4 a6 5. Bd3 Ne7 6. O-O Nec6 7. Nxc6 Nxc6 8. c3 Be7 9. Nd2 O-O 10. f4 d6 11. Qh5 g6 12. Qh6 Bf6 13. Nf3 Bg7 14. Qh3 e5 15. f5 d5 16. Bh6 gxf5 17. Bxg7 Kxg7 18. Qg3+ Kh8 19. exd5 Qxd5 20. Rad1 e4 21. Ng5 f6 22. Nxh7 Kxh7 23. Rf4 1-0

[Event "*** Titled Tuesday Blitz"]
[Site "Chess.com"]
[Date "2020.04.14"]
[Round "5"]
[White "GodDMuhammad"]
[Black "Chess_Boxer123"]
[Result "0-1"]
[WhiteElo "2245"]
[BlackElo "2481"]
[TimeControl "180+1"]
[EndTime "10:49:49 PDT"]
[Termination "Chess_Boxer123 won by resignation"]

1. f4 d5 2. Nf3 Bf5 3. g3 Nf6 4. Bg2 e6 5. d3 Bc5 6. c3 h6 7.
Qc2 Nbd7 8. Nbd2 Bh7 9. e4 O-O 10. Nb3 Bb6 11. e5 Ng4 12. h3 Nf2 13. Rf1 Nxd3+ 14. Kd2 Nxf4 15. Qxh7+ Kxh7 16. gxf4 a5 17. Nbd4 c5 18. Nb5 d4 19. cxd4 cxd4 20. Nd6 Bc5 21.
Ne4 Rc8 22. Ke2 Qb6 23. Rd1 Qb5+ 24. Kf2 Rfd8 25. Kg3 Nb6 26. Bf1 Qc6 27. Bd3 Nd5 28.
Nxc5+ g6 29. Ne4 Kg7 30. Bd2 Ne3 31. Re1 Nc2 32. Rac1 Nxe1 33. Rxc6 Nxd3 34. Rxc8 Rxc8 35. Nxd4 Nxb2 36. Bxa5 Rc4 37. Bb6 Na4 38. Ba7 b6 39.
Nxe6+ fxe6 40. Nd6 Rc3+ 41. Kg2 Rc2+ 42. Kg3 Rxa2 43.
Bb8 Nc3 44. Bc7 Nd5 45. Bd8 Ra3+ 46. Kf2 Rxh3 47. Ne8+ Kf8 48. Nd6 Nxf4 49. Bxb6 Rb3 50. Bc5 Nd3+ 51. Kg2 Nxc5 0-1

[Event "*** Titled Tuesday Blitz"]
[Site "Chess.com"]
[Date "2020.04.14"]
[Round "5"]
[White "Rogue_King"]
[Black "Malev212"]
[Result "0-1"]
[WhiteElo "2257"]
[BlackElo "2525"]
[TimeControl "180+1"]
[EndTime "10:49:50 PDT"]
[Termination "Malev212 won on time"]

1. d4 Nf6 2. c4 d6 3. Nc3 e5 4. Nf3 Nbd7 5. e4 g6 6. Be2 Bg7 7. O-O O-O 8. Re1 c6 9. Bf1 Re8 10. d5 cxd5 11. cxd5 a6 12. h3 Nh5 13. Be3 b5 14.
Qb3 Rb8 15. Rec1 Bf8 16. Nd2 f5 17. exf5 gxf5 18. Bd3 Nc5 19. Bxc5 dxc5 20. Be2 Nf4 21. a4 b4 22. d6+ Kh8 23. Bc4 bxc3 24. Qxb8 Bxd6 25.
Qa7 cxd2 26. Rd1 Qg5 27. g3 Nxh3+ 28. Kg2 f4 29. Qf7 Rf8 0-1

[Event "*** Titled Tuesday Blitz"]
[Site "Chess.com"]
[Date "2020.04.14"]
[Round "5"]
[White "PauloCesarCosta_sad"]
[Black "norwaytoadog"]
[Result "0-1"]
[WhiteElo "2064"]
[BlackElo "2239"]
[TimeControl "180+1"]
[EndTime "10:49:50 PDT"]
[Termination "norwaytoadog won on time"]

1. Nf3 Nf6 2. c4 e6 3. Nc3 Bb4 4. d4 Bxc3+ 5. bxc3 d6 6. Bg5 h6 7. Bxf6 Qxf6 8. e3 e5 9. Be2 O-O 10.
O-O Nc6 11. Rb1 b6 12. Qa4 Na5 13. c5 dxc5 14. Nxe5 Be6 15. Rfc1 Rfd8 16. Nc6 Nxc6 17. Qxc6 cxd4 18. cxd4 Rac8 19. a4 Qg5 20. Ba6 Bd5 21. Qxd5 Qxd5 22. Bxc8 Rxc8 23. g3 h5 24. h4 Qf3 25.
Rc3 Kh7 26. Rbc1 c5 27. dxc5 bxc5 28. Rxc5 Rxc5 29. Rxc5 Qd1+ 0-1